 Dungeon Crawl Stone Soup version 0.30-a0-652-gcc886f7154 (webtiles) character file.

Game seed: 3677830915672069184

63 mandoloar the Chopper (level 3, -2/31 HPs)
             Began as a Minotaur Fighter on Jan 17, 2023.
             Slain by an orc priest
             ... wielding a +2 vampiric short sword
              (3 damage)
             ... on level 3 of the Dungeon.
             The game lasted 00:05:52 (1749 turns).

mandoloar the Chopper (Minotaur Fighter)            Turns: 1749, Time: 00:05:53

Health: -2/31      AC:  8    Str: 22    XL:     3   Next: 89%
Magic:  2/2        EV:  9    Int:  5    God:
Gold:   83         SH:  6    Dex:  9    Spells: 2/2 levels left

rFire   . . .      SeeInvis .    a - +0 war axe
rCold   . . .      Faith    .    c - +2 buckler
rNeg    . . .      Spirit   .    b - +0 scale mail
rPois   .          Reflect  .    (helmet restricted)
rElec   .          Harm     .    (no cloak)
rCorr   .          Rampage  .    l - +0 pair of gloves
Will    .....                    (no boots) Stlth
                                 (no amulet)
HPRegen 0.25/turn                (no ring)
MPRegen 0.08/turn                (no ring)

@: mighty
A: horns 2, retaliatory headbutt
a: no special abilities


You were on level 3 of the Dungeon.
You visited 1 branch of the dungeon, and saw 3 of its levels.

You collected 83 gold pieces.

Inventory:

Hand Weapons
 a - a +0 war axe (weapon)
Missiles
 i - 4 boomerangs (quivered)
 j - 33 stones
Armour
 b - a +0 scale mail (worn)
 c - a +2 buckler (worn)
 l - a +0 pair of gloves (worn)
Scrolls
 k - 4 scrolls of teleportation
Potions
 e - a potion of lignification {unknown}
 f - a potion of attraction {unknown}
 g - 2 potions of curing
 h - a potion of mutation
 m - a potion of flight
 n - a potion of degeneration
 p - a potion of ambrosia {unknown}


   Skills:
 - Level 3.6 Fighting
 + Level 5.2 Axes
 - Level 3.6 Armour
 - Level 3.6 Shields


You had 2 spell levels left.
You didn't know any spells.
Your spell library contained the following spells:

 Spells                   Type           Power      Damage    Failure   Level
 Freeze                   Ice            0%         1d3       88%         1
 Sandblast                Erth           0%         2d4       88%         1
 Cigotuvi's Dreadful Rot  Necr/Pois/Air  0%         N/A       95%         2
 Passwall                 Tmut/Erth      0%         N/A       95%         2
 Poisonous Vapours        Pois/Air       0%         N/A       95%         2
 Frozen Ramparts          Ice            0%         1d1       99%         3
 Hailstorm                Conj/Ice       0%         3d3       99%         3
 Mephitic Cloud           Conj/Pois/Air  0%         N/A       99%         3
 Stone Arrow              Conj/Erth      0%         3d7       99%         3


Dungeon Overview and Level Annotations

Branches:
Dungeon (3/15)

Altars:

Annotations:
D:3 Natasha


Innate Abilities, Weirdness & Mutations

You have a pair of horns on your head.
You reflexively headbutt those who attack you in melee.


Message History

You slash the adder!
You kill the adder!
No target in view!
You see here an adder corpse.
k - 4 scrolls of teleportation (gained 1)
f - a ruby potion
Found a ring mail.
You now have 68 gold pieces (gained 9).
Found a ring mail.
No target in view!
You now have 83 gold pieces (gained 15).
There is a stone staircase leading up here.
Natasha, Servant of Life and Death comes into view.
Natasha hisses angrily.
Natasha mumbles some strange words.
You hear a shout!
An orc priest comes into view.
It is wielding a +2 vampiric short sword.
The orc priest shouts!
The orc priest calls down the wrath of Beogh upon you.
Beogh smites you!
Natasha mumbles some strange words.
You hear a shout!
The white imp disappears for a moment.
The white imp gestures at you. The puff of frost hits you! Natasha claws you.
* * * LOW HITPOINT WARNING * * *
You feel very mighty all of a sudden. Natasha closely misses you.
You closely miss Natasha. Your headbutt misses Natasha.
You barely miss the orc priest. Natasha barely misses you.
The orc priest invokes the aid of Beogh against you.
Beogh smites you!
* * * LOW HITPOINT WARNING * * *
The crimson imp shouts, "Begone, thou grime-gilt guts-griping apple-john!"
Natasha claws you but does no damage. The orc priest barely misses you.
You barely miss Natasha. You closely miss the orc priest.
Natasha barely misses you. You furiously retaliate!
You headbutt Natasha!
The orc priest hits you with a +2 vampiric short sword.
You die...

.#..#....# #...gg. ...
......##[# #....#g.. .
###......# ###........
###.#.#### ##.######
.......# ####.#...
####...# #.......# #...#
#.# ####...##### #.#
...........#####@# # .
............<..oh# .#...
...........####.5#....5J
####...##### #.5...5h..
#...# #....)..o. #...#
####..###. #...# ..#
##.## .... #.# .$..


You could see an orc priest, Natasha, a crimson imp (summoned) and a white imp
(summoned).

Vanquished Creatures
  2 adders
  A worm (D:2)
  A dart slug (D:2)
  3 bats
  5 endoplasms
  4 giant cockroaches
  2 goblins (D:2)
  2 hobgoblins
  3 jackals (D:1)
  3 kobolds
  2 ball pythons
  3 frilled lizards
  7 rats
38 creatures vanquished.

Notes
Turn   | Place    | Note
-------+----------+-------------------------------------------
     0 | D:1      | mandoloar the Minotaur Fighter began the quest for the Orb.
     0 | D:1      | Reached XP level 1. HP: 19/19 MP: 0/0
   142 | D:1      | Reached skill level 3 in Axes
   224 | D:1      | Reached XP level 2. HP: 26/26 MP: 1/1
   707 | D:2      | Reached skill level 4 in Axes
   712 | D:2      | Reached XP level 3. HP: 29/31 MP: 2/2
  1683 | D:3      | Reached skill level 5 in Axes
  1738 | D:3      | Noticed Natasha
  1748 | D:3      | HP: 1/31 [orc priest/divine providence (9)]
  1749 | D:3      | Slain by an orc priest

Illustrated notes

Levels and vault maps discovered:
D:1:      eino_arrival_water_star, layout_loops_ring
D:2:      layout_basic, serial_forest, infiniplex_forest_clump_tiny,
          infiniplex_forest_diagonal, infiniplex_forest_fountain,
          infiniplex_forest_clump_small
D:3:      layout_loops_cross, lemuel_coloured_pillars_altar,
          lightli_temple_of_fire, uniq_natasha

Skill      XL: |  1  2  3 |
---------------+----------+-----
Axes           | 3 4 5 |  5.2
Fighting       | |  3.6
Armour         | |  3.6
Shields        | |  3.6

Action                   || total
-------------------------++-------
Melee: War axe           ||    66
       Headbutt          ||     6
Throw: Boomerang         ||     5
  Use: Scroll            ||     9
       Potion            ||     1
Armor: Scale mail        ||    30
Dodge: Dodged            ||    25
Block: Buckler           ||    13

Table legend: (Time is in decaauts)
 A = Elapsed time spent in this place.
 B = Non-inter-level travel time spent in this place.
 C = Inter-level travel time spent in this place.
 D = Time resting spent in this place.
 E = Time spent auto-exploring this place.
 F = Levels seen in this place.
 G = Mean time per level.
                   A        B        C        D        E       F      G
               +--------+--------+--------+--------+--------+-----+--------+
         Total |   1775 |   1705 |     70 |    249 |   1116 |   3 |  591.7 |
       Dungeon |   1775 |   1705 |     70 |    249 |   1116 |   3 |  591.7 |
               +--------+--------+--------+--------+--------+-----+--------+

Top non-repeatable levels by time:
     D:2: 841 daAuts
     D:1: 686 daAuts
     D:3: 247 daAuts
